 Dungeon Crawl Stone Soup version 0.26.0-10-g1f06aea511 (webtiles) character file.

Game seed: 7006824624688462126

4808 Arum the Fighter (level 10, -5/85 HPs)
             Began as a Formicid Fighter on Jan 14, 2021.
             Was an Elder of Okawaru.
             Slain by a fire crab (shapeshifter) (15 damage)
             ... on level 9 of the Dungeon.
             The game lasted 00:10:59 (7544 turns).

Arum the Fighter (Formicid Fighter)                 Turns: 7544, Time: 00:11:00

Health: -5/85      AC: 11    Str: 22    XL:     10   Next: 76%
Magic:  10/10      EV:  9    Int:  7    God:    Okawaru [****..]
Gold:   131        SH: 12    Dex: 13    Spells: 9/9 levels left

rFire    . . .     SeeInvis +   t - +3 quarterstaff (chaos)
rCold    . . .     Faith    .   c - +0 kite shield
rNeg     . . .     Spirit   .   b - +0 scale mail
rPois    .         Reflect  .   (helmet unavailable)
rElec    .         Harm     .   z - scarf {repulsion}
rCorr    +         Rampage  .   v - +0 pair of gloves
Will     +....                  k - +1 pair of boots
Stlth    ..........             (no amulet)
HPRegen  0.24/turn              w - +4 ring of slaying
MPRegen  0.12/turn              u - ring of resist corrosion

@: repel missiles
A: permanent stasis, dig shafts and tunnels, four strong arms, antennae 3
a: Dig, Shaft Self, Renounce Religion, Heroism


You were on level 9 of the Dungeon.
You worshipped Okawaru.
Okawaru was greatly pleased with you.
You visited 2 branches of the dungeon, and saw 10 of its levels.

You collected 464 gold pieces.
You spent 333 gold pieces at shops.

Inventory:

Hand Weapons
 a - a +0 quarterstaff
 t - a +3 quarterstaff of chaos (weapon)
Armour
 b - a +0 scale mail (worn)
 c - a +0 kite shield (worn)
 k - a +1 pair of boots (worn)
 v - a +0 pair of gloves (worn)
 z - a scarf of repulsion (worn)
Jewellery
 h - an uncursed amulet of magic regeneration {unknown}
 u - a ring of resist corrosion (right hand)
 w - a +4 ring of slaying (left hand)
 y - an uncursed ring of magical power
 D - an uncursed ring of ice
Wands
 x - a wand of random effects (6)
 B - a wand of paralysis (11)
 C - a wand of iceblast (5)
Scrolls
 e - 4 scrolls of teleportation
 g - 4 scrolls of remove curse
 i - 4 scrolls of amnesia
 j - a scroll of fog {unknown}
 m - 2 scrolls of enchant weapon {unknown}
 p - a scroll of enchant armour {unknown}
 r - a scroll of summoning {unknown}
 s - 2 scrolls of magic mapping {unknown}
 A - a scroll of random uselessness {unknown}
 E - a scroll of fear {unknown}
 F - a scroll of immolation {unknown}
 G - a scroll of identify
Potions
 d - 2 potions of might
 f - 2 potions of brilliance
 l - a potion of mutation
 n - 2 potions of curing
 o - 2 potions of attraction
 q - 5 potions of heal wounds
 H - a potion of resistance {unknown}


   Skills:
 + Level 10.2 Fighting
 + Level 9.1 Staves
 + Level 6.4 Armour
 - Level 9.0 Shields


You had 9 spell levels left.
You didn't know any spells.
Your spell library contained the following spells:

 Spells                   Type           Power        Failure   Level
 Corona                   Hex            0%           75%         1
 Freeze                   Ice            0%           75%         1
 Magic Dart               Conj           0%           75%         1
 Call Imp                 Summ           0%           86%         2
 Slow                     Hex            0%           86%         2
 Conjure Flame            Conj/Fire      0%           98%         3
 Frozen Ramparts          Ice            0%           98%         3
 Inner Flame              Hex/Fire       0%           98%         3
 Mephitic Cloud           Conj/Pois/Air  0%           98%         3
 Ozocubu's Armour         Ice            0%           98%         3
 Portal Projectile        Hex/Tloc       0%           98%         3
 Cause Fear               Hex            0%           100%        4
 Hailstorm                Conj/Ice       0%           100%        4
 Leda's Liquefaction      Hex/Erth       0%           100%        4
 Summon Ice Beast         Ice/Summ       0%           100%        4
 Blink                    Tloc           Unusable     N/A         2

Dungeon Overview and Level Annotations

Branches:
Dungeon (9/15)             Temple (1/1) D:4            Lair (0/6) D:9
    Orc: D:9-12

Altars:
Cheibriados
Dithmenos
Fedhas
Gozag
Hepliaklqana
Makhleb
Okawaru
Qazlal
Ru
Sif Muna
Trog
Uskayaw
Wu Jian
Xom
The Shining One

Shops:
D:6 }   D:7 *


Innate Abilities, Weirdness & Mutations

You cannot be hasted, slowed, berserked, paralysed or teleported.
You can dig through walls and to a lower floor.
Your four strong arms can wield two-handed weapons with a shield.
You have a pair of large antennae on your head. (SInv)


Message History

You hit the fire crab but do no damage. You barely miss the fire crab.
The fire crab bites you!
You are engulfed in flames!
You block the fire crab's attack.
You hit the fire crab but do no damage. The fire crab breathes flames at you.
The blast of flame engulfs you but does no damage.
You hit the fire crab.
The fire crab is lightly wounded.
You are engulfed in blazing flames.
The fire crab breathes flames at you. The blast of flame engulfs you.
You sock the fire crab!
The fire crab is moderately wounded.
You are engulfed in blazing flames.
The fire crab bites you.
You are engulfed in flames!
* * * LOW HITPOINT WARNING * * *
The fire crab claws you!
* * * LOW HITPOINT WARNING * * *
You are engulfed in flames!
You die...

###############################
..........)....................
.........))..(((...............
#######..##)###################
#..#)## #..##.# #########..####
...........############# ######
.............°°°@t°..... ......
######........°°°°°..... ......
#..################ ###### #..#
#..#########################
######...........................
.................................
#################..##############
# #..#


You could see a fire crab shaped shifter.

Vanquished Creatures
  A two-headed ogre (D:9)
  An unseen horror (D:8)
  Pikel (D:5)
  The ghost of kuzco6543 the Ruffian, a novice TrMo (D:5)
  A guardian serpent (shapeshifter) (D:9)
  Sigmund (D:3)
  Eustachio (D:5)
  Edmund (D:5)
  An acid dragon (D:9)
  An ice beast (D:9)
  A phantom (D:4)
  A sky beast (D:8)
  2 centaurs (D:5)
  Blork the orc (D:5)
  3 bullfrogs (D:6)
  A scorpion (D:6)
  4 killer bees (D:9)
  A howler monkey (D:5)
  A centaur zombie (D:5)
  A jelly (D:9)
  3 orc priests
  A centaur skeleton (D:7)
  2 hounds
  Crazy Yiuf (D:3)
  2 iguanas
  Jessica (D:4)
  6 worker ants
  8 orc wizards
  A hound skeleton (D:6)
  A worker ant zombie (D:7)
  Robin (D:3)
  11 adders
  3 shadow imps
  2 white imps
  An ufetubus (D:6)
  3 oozes
  3 adder zombies
  2 dart slugs
  A leopard gecko (D:9)
  23 orcs
  A ball python (D:2)
  A giant cockroach (D:5)
  14 goblins
  9 hobgoblins
  A jackal (D:2)
  9 kobolds
  2 quokkas
  5 bats
  3 frilled lizards
  21 rats
168 creatures vanquished.

Notes
Turn   | Place    | Note
-------+----------+-------------------------------------------
     0 | D:1      | Arum the Formicid Fighter began the quest for the Orb.
     0 | D:1      | Reached XP level 1. HP: 18/18 MP: 1/1
    74 | D:1      | Reached XP level 2. HP: 24/24 MP: 2/2
   314 | D:1      | Reached XP level 3. HP: 27/29 MP: 3/3
   728 | D:2      | Reached XP level 4. HP: 35/37 MP: 4/4
   841 | D:2      | Reached skill level 4 in Fighting
   936 | D:2      | Reached XP level 5. HP: 41/42 MP: 5/5
  1511 | D:3      | Noticed Robin
  1580 | D:3      | Killed Robin
  1895 | D:3      | Reached XP level 6. HP: 28/49 MP: 6/6
  2123 | D:3      | Found a runed translucent door.
  2124 | D:3      | Noticed Crazy Yiuf
  2132 | D:3      | Killed Crazy Yiuf
  2133 | D:3      | Reached skill level 5 in Shields
  2249 | D:3      | Noticed Sigmund
  2259 | D:3      | Killed Sigmund
  2260 | D:3      | Reached skill level 5 in Armour
  2260 | D:3      | Reached XP level 7. HP: 55/55 MP: 7/7
  2461 | D:4      | Reached skill level 5 in Fighting
  2604 | D:4      | Found a staircase to the Ecumenical Temple.
  2639 | Temple   | Entered the Ecumenical Temple
  2668 | Temple   | Became a worshipper of Warmaster Okawaru
  3167 | D:4      | Noticed Jessica
  3175 | D:4      | Found a shimmering blue altar of Sif Muna.
  3181 | D:4      | Killed Jessica
  3519 | D:5      | Entered Level 5 of the Dungeon
  3542 | D:5      | Reached XP level 8. HP: 45/64 MP: 8/8
  3677 | D:5      | Noticed Edmund
  3677 | D:5      | Noticed Pikel
  3698 | D:5      | Killed Pikel
  3698 | D:5      | Reached * piety under Okawaru
  3699 | D:5      | Reached skill level 6 in Fighting
  3699 | D:5      | Reached skill level 5 in Staves
  3707 | D:5      | Killed Edmund
  3708 | D:5      | Reached skill level 7 in Fighting
  3708 | D:5      | Reached XP level 9. HP: 56/72 MP: 9/9
  3793 | D:5      | Found a runed translucent gate.
  3794 | D:5      | Found a runed translucent gate.
  3795 | D:5      | Found a runed translucent gate.
  3796 | D:5      | Noticed kuzco6543's ghost (novice TrMo)
  4142 | D:5      | Noticed Blork the orc
  4153 | D:5      | Killed Blork the orc
  4153 | D:5      | Reached ** piety under Okawaru
  4440 | D:5      | Noticed Eustachio
  4448 | D:5      | Killed Eustachio
  4671 | D:5      | Killed kuzco6543's ghost
  4672 | D:5      | Reached skill level 8 in Fighting
  5045 | D:6      | Found Wahacimi's Gadget Boutique.
  5065 | D:6      | Bought a wand of paralysis (11) for 182 gold pieces
  5065 | D:6      | Bought a wand of iceblast (5) for 126 gold pieces
  5522 | D:7      | Found Moalif's Assorted Antiques.
  5527 | D:7      | Bought a scroll labelled JIET LUSUX for 25 gold pieces
  5748 | D:7      | Found a faded altar of an unknown god.
  5748 | D:7      | Found a faded altar of an unknown god.
  5753 | D:7      | Found a snail-covered altar of Cheibriados.
  5755 | D:7      | Found a hide-covered altar of Uskayaw.
  5757 | D:7      | Found a blossoming altar of Fedhas.
  5898 | D:8      | Noticed an unseen horror
  5908 | D:8      | Killed an unseen horror
  5908 | D:8      | Reached *** piety under Okawaru
  5909 | D:8      | Reached skill level 9 in Fighting
  5909 | D:8      | Reached XP level 10. HP: 69/83 MP: 10/10
  6105 | D:8      | Found a shimmering altar of Xom.
  6569 | D:9      | Found a staircase to the Lair.
  6681 | D:9      | Noticed a guardian serpent
  6684 | D:9      | Killed a guardian serpent
  6684 | D:9      | Reached **** piety under Okawaru
  6905 | D:9      | Noticed a two-headed ogre
  6926 | D:9      | Killed a two-headed ogre
  6927 | D:9      | Reached skill level 10 in Fighting
  6929 | D:9      | Found a glowing golden altar of the Shining One.
  6935 | D:9      | Found a sacrificial altar of Ru.
  7200 | D:9      | Found a hazy altar of Hepliaklqana.
  7531 | D:9      | Noticed a boulder beetle
  7539 | D:9      | a boulder beetle changed into a shapeshifter
  7539 | D:9      | Noticed a fire crab
  7539 | D:9      | a shapeshifter changed into a fire crab
  7544 | D:9      | Slain by a fire crab (shapeshifter)

Illustrated notes

Levels and vault maps discovered:
D:1:      dpeg_arrival_tiny_j, layout_rooms, minmay_rat_gold_closets
D:2:      layout_basic, minmay_diced_spiral
D:3:      layout_loops_ring, minmay_puff, uniq_crazy_yiuf_cottage, uniq_sigmund,
          uniq_robin
D:4:      layout_basic, minmay_temple_entry_junction_2,
          hangedman_decor_peaks_small, tgw_sif
D:5:      layout_basic, gammafunk_ghost_necromancy, uniq_pikel, uniq_eustachio,
          uniq_blork_the_orc, uniq_edmund
D:6:      layout_rooms, serial_shops, shop_statue
D:7:      layout_basic, chequers_temple_overflow_minitemple, serial_shops,
          kennysheep_little_box
D:8:      layout_gridville, general_overflow_altar
D:9:      layout_long_grid, grunt_temple_overflow_open, old_standard_altar,
          lair_entry_dummy
Temple:   regret_index_temple_waves

Skill      XL: |  1  2  3  4  5  6  7  8  9 10 |
---------------+-------------------------------+-----
Shields        | 4 5 6 7 9 |  9.0
Fighting       | 4 5 7 9 10 | 10.2
Armour         | 4 5 6 |  6.4
Staves         | 3 4 5 8 9 |  9.1

Action                   |  1- 3 |  4- 6 |  7- 9 | 10-12 || total
-------------------------+-------+-------+-------+-------++-------
Melee: Quarterstaff      |    87 |   155 |   211 |   124 ||   577
Invok: Heroism           |       |       |     1 |     1 ||     2
 Abil: Dig               |       |     4 |       |     1 ||     5
  Use: Scroll            |       |       |     7 |     3 ||    10
 Stab: Petrified         |       |       |     1 |       ||     1
       Paralysed         |       |       |       |     4 ||     4
       Confused          |       |       |       |     2 ||     2
       Petrifying        |       |       |       |     1 ||     1
Armor: Scale mail        |    21 |    43 |    65 |    27 ||   156
Dodge: Dodged            |    16 |    44 |    61 |    25 ||   146
Block: Kite shield       |    51 |    82 |    96 |    60 ||   289
